 Dungeon Crawl Stone Soup version 0.24-a0-291-g79c1ce7 (webtiles) character file.

Game seed: 9286331319112513931

49250 MatthieuS the Zephyrmancer (level 14, -1/126 HPs)
             Began as a Black Draconian Air Elementalist on May 10, 2019.
             Was a High Priest of Vehumet.
             Killed themself with a badly aimed orb of electricity (6 damage)
             ... in a Gauntlet on May 11, 2019.
             The game lasted 01:30:52 (30419 turns).

MatthieuS the Zephyrmancer (DrAE)                  Turns: 30419, Time: 01:30:53

Health: -1/126     AC: 14    Str: 11    XL:     14   Next: 15%
Magic:  4/28       EV: 16    Int: 19    God:    Vehumet [*****.]
Gold:   1320       SH:  9    Dex: 13    Spells: 8/34 levels left

rFire    + . .     SeeInvis .   w - staff of wizardry {!a}
rCold    . . .     Gourm    .   k - +0 buckler
rNeg     . . .     Faith    .   (armour unavailable)
rPois    .         Spirit   .   (helmet restricted)
rElec    +         Reflect  +   y - +2 cloak
rCorr    .         Harm     .   (no gloves)
MR       +....     NoTele   +   (no boots)
Stlth    ++........             h - +4 amulet of reflection
HPRegen  0.31/turn              d - +3 ring of protection
MPRegen  0.21/turn              N - ring of protection from fire

@: no status effects
A: breathe lightning, unfitting armour, big wings, electricity resistance,
cold-blooded, AC +8
a: Breathe Lightning, Fly, Renounce Religion


You were in a Gauntlet.
You worshipped Vehumet.
Vehumet was extremely pleased with you.
You were very hungry.

You visited 3 branches of the dungeon, and saw 20 of its levels.
You also visited: Gauntlet.

You collected 1320 gold pieces.

Inventory:

Hand Weapons
 a - a +3 dagger of electrocution
   (You took it off an orc wizard on level 9 of the Dungeon)
 v - the +1 dagger "Hatup" {pain, Str+6}
   (You found it on level 8 of the Dungeon)

   In the hands of one skilled in necromantic magic, it inflicts extra damage on
   living creatures.
   It affects your strength (+6).
Missiles
 m - 2 throwing nets (quivered) {!f}
Armour
 k - a +0 buckler (worn)
   (You took it off a gnoll sergeant on level 9 of the Dungeon)
 y - a +2 cloak (worn)
   (You found it on level 7 of the Dungeon)
 E - the +2 pair of boots of Zytresk {rC+ MR- Int+3}
   (You found it in a Gauntlet)

   It affects your intelligence (+3).
   It protects you from cold.
   It affects your resistance to hostile enchantments.
Magical Staves
 l - an uncursed staff of summoning
   (You found it on level 8 of the Dungeon)
 w - an uncursed staff of wizardry (weapon) {!a}
   (You found it on level 2 of the Dungeon)
Jewellery
 d - a +3 ring of protection (left hand)
   (You found it on level 1 of the Dungeon)
 h - a +4 amulet of reflection (around neck)
   (You took it off a wight on level 8 of the Dungeon)
 j - an uncursed ring of positive energy
   (You found it on level 1 of the Dungeon)
 n - an uncursed ring of protection from cold
   (You found it on level 1 of the Lair of Beasts)
 z - an uncursed ring of see invisible
   (You found it on level 6 of the Lair of Beasts)
 A - an uncursed ring of wizardry
   (You found it on level 5 of the Lair of Beasts)
 B - a cursed amulet of regeneration
   (You found it on level 2 of the Lair of Beasts)
 G - an uncursed ring of poison resistance
   (You found it on level 4 of the Lair of Beasts)
 N - a ring of protection from fire (right hand)
   (You found it on level 5 of the Lair of Beasts)
Wands
 c - a wand of disintegration (21)
   (You found it on level 7 of the Dungeon)
 f - a wand of enslavement (16)
   (You found it on level 8 of the Dungeon)
 g - a wand of polymorph (20)
   (You found it on level 10 of the Dungeon)
 t - a wand of flame (35)
   (You found it on level 5 of the Dungeon)
 x - a wand of acid (6)
   (You found it on level 10 of the Dungeon)
Scrolls
 o - 4 scrolls of vulnerability {!r}
 p - a scroll of magic mapping
 q - 3 scrolls of amnesia
 u - 8 scrolls of teleportation {@r4}
 D - 3 scrolls of fear
 F - 4 scrolls of remove curse {@r2}
 K - a scroll of fog
 M - a scroll of identify {@r1}
 O - a scroll of immolation {!r}
 R - 2 scrolls of enchant armour
Potions
 b - 4 potions of mutation {!q}
 i - 6 potions of lignification {!q}
 r - 2 potions of resistance
 C - 2 potions of curing {@q1}
 H - a potion of brilliance
 I - a potion of might
 J - 2 potions of heal wounds {@q2}
 L - a potion of agility
 Q - a potion of cancellation {unknown}
Miscellaneous
 s - a phial of floods
   (You found it on level 9 of the Dungeon)
Comestibles
 e - 14 rations


   Skills:
 + Level 12.1 Fighting
 + Level 7.8 Dodging
 - Level 1.7 Stealth
 + Level 5.0 Shields
 + Level 10.6 Spellcasting
 + Level 11.3 Conjurations
 - Level 2.0 Ice Magic
 + Level 13.6 Air Magic
 + Level 4.3 Evocations


You had 8 spell levels left.
You knew the following spells:

 Your Spells              Type           Power        Failure   Level  Hunger
a - Shock                 Conj/Air       ####         1%          1    None
b - Static Discharge      Conj/Air       ######..     1%          3    None
c - Airstrike             Air            ######....   1%          4    ##.....
d - Lightning Bolt        Conj/Air       ######....   1%          5    ####...
e - Apportation           Tloc           ##....       2%          1    None
f - Corona                Hex            ##.....      2%          1    None
g - Mephitic Cloud        Conj/Pois/Air  #####...     1%          3    None
h - Freezing Cloud        Conj/Ice/Air   #####.....   3%          6    ######.
s - Swiftness             Chrm/Air       #####...     1%          2    None

Your spell library contained the following spells:

 Spells                   Type           Power        Failure   Level  Hunger
 Conjure Ball Lightning   Conj/Air       ######....   1%          6    ######.
 Dazzling Spray           Conj/Hex       ####..       1%          3    None
 Animate Skeleton         Necr           N/A          2%          1    None
 Beastly Appendage        Tmut           ##....       2%          1    None
 Confusing Touch          Hex            ##....       2%          1    None
 Summon Small Mammal      Summ           ##..         2%          1    None
 Ensorcelled Hibernation  Hex/Ice        ##....       2%          2    None
 Sticks to Snakes         Tmut           ##......     4%          2    None
 Confuse                  Hex            ##......     9%          3    None
 Spider Form              Tmut/Pois      ##........   9%          3    None
 Tukima's Dance           Hex            ##......     9%          3    None
 Ice Form                 Ice/Tmut       ##......     17%         4    ##.....
 Blade Hands              Tmut           ##........   56%         5    ####...


Dungeon Overview and Level Annotations

Branches:
Dungeon (13/15)            Temple (1/1) D:4            Lair (6/6) D:9
 Shoals (0/4) Lair:2       Spider (0/4) Lair:3        Slime (0/5) Lair:5
    Orc (0/2) D:12
 Vaults: D:13-14

Altars:
Cheibriados
Dithmenos
Elyvilon
Fedhas
Gozag
Hepliaklqana
Kikubaaqudgha
Makhleb
Nemelex Xobeh
Okawaru
Qazlal
Ru
Sif Muna
Trog
Uskayaw
Vehumet
Xom
Yredelemnul
Zin
The Shining One

Annotations:
D:3 1 runed translucent door, nrm's ghost, amateur MfSk Gauntlet 8 transporters


Innate Abilities, Weirdness & Mutations

You can breathe wild blasts of lightning.
Your glossy black scales are hard. (AC +8)
You cannot fit into any form of body armour.
Your large and strong wings let you fly indefinitely.
You are resistant to electric shocks. (rElec)
You are cold-blooded and may be slowed by cold attacks.


Message History

You enter the transporter and appear at another place.
You open the door.
A minotaur comes into view.
It is wielding the +2 dagger "Vittais" {pierce, rF+++ Str-2 Dex+3 SInv} and wearing a +1 plate armour of positive energy.
Found a plate armour.
Found a gate leading back out of this place.
Aim: a minotaur, wielding the +2 dagger "Vittais" {pierce, rF+++ Str-2 Dex+3 SInv}, wearing a +1 plate armour of positive energy and wearing an uncursed ring of ice (hasn't noticed you) That beam is likely to hit you.
Continue anyway?
The minotaur bellows!
You are feeling hungry.
You are engulfed in freezing vapours.
You feel yourself slow down.
The minotaur is engulfed in freezing vapours.
The minotaur throws a javelin.
The javelin hits you!
Aim: a minotaur, wielding the +2 dagger "Vittais" {pierce, rF+++ Str-2 Dex+3 SInv}, wearing a +1 plate armour of positive energy and wearing an uncursed ring of ice (freezing vapour, lightly wounded)
You hear a mighty clap of thunder!
The bolt of lightning misses the minotaur.
The minotaur is engulfed in freezing vapours.
The minotaur throws a javelin.
The javelin closely misses you.
The minotaur throws a javelin.
The javelin misses you.
Aim: a minotaur, wielding the +2 dagger "Vittais" {pierce, rF+++ Str-2 Dex+3 SInv}, wearing a +1 plate armour of positive energy and wearing an uncursed ring of ice (freezing vapour, lightly wounded)
You hear a mighty clap of thunder!
The bolt of lightning hits the minotaur!!!
You are feeling very hungry.
The minotaur is engulfed in freezing vapours.
The minotaur throws a javelin.
The javelin hits you!!
Aim: a minotaur, wielding the +2 dagger "Vittais" {pierce, rF+++ Str-2 Dex+3 SInv}, wearing a +1 plate armour of positive energy and wearing an uncursed ring of ice (freezing vapour, severely wounded)
You hear a mighty clap of thunder!
The bolt of lightning hits the minotaur but does no damage.
The minotaur is engulfed in freezing vapours.
The minotaur throws a javelin.
The javelin hits you!!!
* * * LOW HITPOINT WARNING * * *
The minotaur is engulfed in freezing vapours.
The minotaur throws a javelin.
The javelin hits you!
* * * LOW HITPOINT WARNING * * *
You feel yourself speed up.
The minotaur throws a javelin.
The javelin hits you!!
* * * LOW HITPOINT WARNING * * *
You see here a javelin.
Aim: a minotaur, wielding the +2 dagger "Vittais" {pierce, rF+++ Str-2 Dex+3 SInv}, wearing a +1 plate armour of positive energy and wearing an uncursed ring of ice (severely wounded)
You hear a mighty clap of thunder!
The bolt of lightning hits the minotaur!
The minotaur throws a javelin.
The javelin barely misses you.
You don't have enough magic to cast that spell.
Okay, then.
Okay, then.
Okay, then.
You breathe a wild blast of lightning!
The orb of electricity explodes!
The orb of electricity engulfs the minotaur.
The orb of electricity engulfs you. You resist.
You die...

#....##...##...##
.##.##.......#...##
....##.##.©8.#...##
######....##....#...#Z
#∩H..'§##....©8.#.8.#©
########H##.##....#...#?
#..##.##.(..##.©8.#...#[
##....##.##(......#...#.
##.##..@.##.##...##...##
#..##.##....##..##≈.....
##....##.##....####.8...
####....##.######......
######### #§§..###
##§..#xx #≈...#.#
##...#=. #§...#..


You could see a minotaur.

Vanquished Creatures
  A fire dragon (Lair:6)
  Fannar (D:9)
  6 hydras
  2 death scarabs (Gauntlet)
  A centaur warrior (D:13)
  3 two-headed ogres
  Urug (D:10)
  A fire crab (Lair:6)
  2 unseen horrors (D:8)
  3 manticores
  Maurice (D:9)
  6 elephants (Lair:5)
  A centaur zombie (D:12)
  8 black mambas
  2 molten gargoyles (Lair:6)
  3 rime drakes
  12 spiny frogs
  9 komodo dragons
  4 trolls
  A hornet (Lair:2)
  2 polar bears
  A spectral dream sheep (Gauntlet)
  6 blink frogs
  9 hippogriffs
  A spectral black mamba (Gauntlet)
  10 flying skulls (Gauntlet)
  A spriggan (Lair:2)
  4 basilisks
  17 yaks
  8 wyverns
  3 hungry ghosts
  A steam dragon (D:10)
  4 wargs
  A spectral spiny frog (Gauntlet)
  8 water moccasins
  4 hell hounds (Lair:6)
  5 sky beasts
  7 porcupines
  3 black bears
  4 orc warriors
  2 ice beasts (D:7)
  2 phantoms (D:4)
  An eye of draining (D:11)
  7 wolves (Lair:2)
  8 ogres
  11 centaurs
  10 crocodiles
  23 bullfrogs
  A gnoll sergeant (D:9)
  3 big kobolds
  10 scorpions
  11 killer bees
  17 wights
  4 howler monkeys
  3 electric eels
  5 lava snakes (Lair:6)
  5 crimson imps
  8 hounds
  10 orc priests
  17 jellies
  5 iguanas
  2 centaur skeletons
  15 orc wizards
  6 worker ants
  2 killer bee zombies
  A worker ant zombie (D:5)
  5 gnolls (D:9)
  10 adders
  A shadow imp (D:8)
  3 oozes
  3 adder zombies
  4 worms
  6 leopard geckos
  40 orcs
  2 ball pythons
  8 giant cockroaches
  12 goblins
  12 hobgoblins
  9 jackals
  16 kobolds
  3 quokkas
  6 bats
  2 frilled lizards
  A leopard gecko skeleton (D:7)
  A quokka skeleton (D:7)
  A quokka zombie (D:6)
  6 rats
  A fungus (Lair:5)
  A plant (Lair:5)
509 creatures vanquished.

Vanquished Creatures (collateral kills)
  A molten gargoyle (Lair:6)
  A hell hound (Lair:6)
2 creatures vanquished.

Vanquished Creatures (others)
  3 centaurs
  5 fungi
  6 plants
14 creatures vanquished.

Grand Total: 525 creatures vanquished

Notes
Turn   | Place    | Note
-------+----------+-------------------------------------------
     0 | D:1      | MatthieuS the Draconian Air Elementalist began the quest
                  | for the Orb.
     0 | D:1      | Reached XP level 1. HP: 14/14 MP: 3/3
   497 | D:1      | Reached XP level 2. HP: 6/20 MP: 0/5
  2201 | D:2      | Reached XP level 3. HP: 26/26 MP: 4/6
  2312 | D:2      | Learned a level 2 spell: Swiftness
  2316 | D:2      | Learned a level 3 spell: Static Discharge
  2638 | D:2      | Reached XP level 4. HP: 34/34 MP: 1/8
  3064 | D:2      | Reached skill level 1 in Fighting
  3410 | D:2      | Found a blossoming altar of Fedhas.
  3510 | D:2      | Reached XP level 5. HP: 40/40 MP: 6/9
  3520 | D:2      | Reached skill level 4 in Air Magic
  3615 | D:3      | Learned a level 4 spell: Airstrike
  3727 | D:3      | Found a runed translucent door.
  3730 | D:3      | Noticed nrm's ghost (amateur MfSk)
  4065 | D:3      | Reached XP level 6. HP: 49/49 MP: 0/11
  4172 | D:3      | Found an opulent altar of Gozag.
  4789 | D:4      | Found a burning altar of Makhleb.
  4918 | D:4      | Found a staircase to the Ecumenical Temple.
  4947 | Temple   | Entered the Ecumenical Temple
  5031 | Temple   | Became a worshipper of Vehumet
  5565 | D:4      | Found a bloodstained altar of Trog.
  5567 | D:4      | Found a glowing golden altar of the Shining One.
  5567 | D:4      | Found a basalt altar of Yredelemnul.
  5570 | D:4      | Found a blossoming altar of Fedhas.
  5617 | D:4      | Your scales start taking on a glossy black colour.
  5617 | D:4      | Reached skill level 5 in Air Magic
  5617 | D:4      | Reached XP level 7. HP: 51/57 MP: 0/13
  5617 | D:4      | Gained mutation: You are resistant to electric shocks.
                  | (rElec) [Black Draconian growth]
  5816 | D:4      | Reached skill level 6 in Air Magic
  6169 | D:5      | Entered Level 5 of the Dungeon
  6924 | D:5      | Found an iron altar of Okawaru.
  6924 | D:5      | Found a snail-covered altar of Cheibriados.
  7708 | D:6      | Reached XP level 8. HP: 67/67 MP: 11/15
  7730 | D:6      | Reached skill level 7 in Air Magic
  7825 | D:6      | Reached skill level 5 in Spellcasting
  7825 | D:6      | Reached skill level 5 in Conjurations
  7857 | D:6      | Reached skill level 5 in Fighting
  8035 | D:6      | Reached * piety under Vehumet
  8035 | D:6      | Offered knowledge of Magic Dart by Vehumet.
  8098 | D:6      | Learned a level 5 spell: Lightning Bolt
  8859 | D:7      | Reached skill level 8 in Air Magic
  8861 | D:7      | Noticed a hippogriff
  8934 | D:7      | Killed a hippogriff
  8934 | D:7      | Reached XP level 9. HP: 44/75 MP: 2/17
  9164 | D:7      | Reached ** piety under Vehumet
  9170 | D:7      | Offered knowledge of Flame Tongue by Vehumet.
  9918 | D:7      | You fall through a shaft for 2 floors!
 10025 | D:9      | Found a staircase to the Lair.
 10245 | D:8      | Reached skill level 9 in Air Magic
 10651 | D:8      | Got a pitted dagger
 10652 | D:8      | Identified the cursed +1 dagger "Hatup" {pain, Str+6} (You
                  | found it on level 8 of the Dungeon)
 10943 | D:8      | Offered knowledge of Ignite Poison by Vehumet.
 11020 | D:8      | Killed an unseen horror
 11020 | D:8      | Reached XP level 10. HP: 66/86 MP: 4/20
 11387 | D:8      | Reached *** piety under Vehumet
 11779 | D:8      | Killed an unseen horror
 11779 | D:8      | Reached skill level 10 in Air Magic
 11794 | D:8      | Noticed a manticore
 11826 | D:8      | Killed a manticore
 12098 | D:8      | Learned a level 1 spell: Apportation
 12100 | D:8      | Learned a level 1 spell: Corona
 12138 | D:8      | Identified the +5 shortbow "Goblinbane" {flame, rF+ rN+++
                  | Str-2}
 12283 | D:8      | Got a clouded zirconium amulet
 12332 | D:8      | Offered knowledge of Olgreb's Toxic Radiance by Vehumet.
 13008 | D:9      | Reached skill level 1 in Evocations
 13105 | D:9      | Reached **** piety under Vehumet
 13359 | D:9      | Reached XP level 11. HP: 73/95 MP: 9/23
 13849 | D:10     | Entered Level 10 of the Dungeon
 13849 | D:10     | Noticed Maurice
 13850 | D:10     | Identified the amulet "Foruw" {Acrobat rElec MR+} (You
                  | found it on level 8 of the Dungeon)
 13861 | D:10     | Noticed a two-headed ogre
 13867 | D:10     | Offered knowledge of Mephitic Cloud by Vehumet.
 13868 | D:10     | Noticed Fannar
 13869 | D:10     | Killed a two-headed ogre
 13873 | D:9      | Killed Maurice
 14421 | D:9      | Killed Fannar
 14421 | D:9      | Reached skill level 11 in Air Magic
 14749 | D:10     | Noticed a two-headed ogre
 14771 | D:10     | Noticed Urug
 15235 | Lair:1   | Entered Level 1 of the Lair of Beasts
 15390 | Lair:1   | Noticed a four-headed hydra
 15400 | Lair:1   | Killed a four-headed hydra
 15400 | Lair:1   | Reached skill level 1 in Shields
 17358 | Lair:2   | Noticed a five-headed hydra
 17826 | Lair:2   | Found a staircase to the Shoals.
 17832 | Lair:2   | Reached XP level 12. HP: 105/106 MP: 4/24
 18038 | Lair:2   | Learned a level 3 spell: Mephitic Cloud
 18146 | Lair:2   | Killed a five-headed hydra
 18146 | Lair:2   | Reached skill level 10 in Fighting
 18798 | Lair:3   | Noticed a seven-headed hydra
 18803 | Lair:3   | Killed a seven-headed hydra
 19138 | Lair:2   | Reached skill level 5 in Dodging
 19941 | Lair:3   | Found a hole to the Spider Nest.
 20096 | Lair:3   | Reached skill level 12 in Air Magic
 20133 | Lair:3   | Reached ***** piety under Vehumet
 20999 | Lair:4   | Noticed a seven-headed hydra
 21137 | Lair:3   | Killed a seven-headed hydra
 21459 | Lair:4   | Reached skill level 10 in Conjurations
 21781 | Lair:5   | Noticed a seven-headed hydra
 21789 | Lair:5   | Killed a seven-headed hydra
 21862 | Lair:5   | Offered knowledge of Freezing Cloud by Vehumet.
 22302 | Lair:5   | Learned a level 6 spell: Freezing Cloud
 22359 | Lair:5   | Reached skill level 1 in Ice Magic
 22828 | Lair:5   | Found a staircase to the Slime Pits.
 22998 | Lair:6   | Entered Level 6 of the Lair of Beasts
 23000 | Lair:6   | Noticed a seven-headed hydra
 23007 | Lair:6   | Killed a seven-headed hydra
 23007 | Lair:6   | Reached XP level 13. HP: 116/116 MP: 5/26
 23590 | Lair:6   | Reached skill level 10 in Spellcasting
 24321 | Lair:6   | Reached skill level 13 in Air Magic
 24377 | Lair:6   | HP: 4/116 [black mamba (19)]
 24378 | Lair:6   | HP: 1/116 [poisoned by a black mamba]
 25567 | Lair:6   | Found a large runed translucent door.
 25568 | Lair:6   | Found a large runed translucent door.
 25572 | Lair:6   | Noticed a fire dragon
 25886 | Lair:6   | Killed a fire dragon
 26536 | D:10     | Found a blossoming altar of Fedhas.
 26699 | D:10     | Killed Urug
 28571 | D:12     | Offered knowledge of Conjure Ball Lightning by Vehumet.
 28933 | D:12     | Found a staircase to the Orcish Mines.
 29437 | D:13     | Gained mutation: Your large and strong wings let you fly
                  | indefinitely. [Black Draconian growth]
 29437 | D:13     | Reached XP level 14. HP: 103/125 MP: 16/28
 29619 | D:13     | Found a gate leading to a gauntlet.
 29640 | Gauntlet | Entered a Gauntlet
 29640 | Gauntlet | Found a transporter.
 29645 | Gauntlet | Found a transporter.
 29658 | Gauntlet | Found a transporter.
 29661 | Gauntlet | Found a transporter.
 29679 | Gauntlet | Found a transporter.
 29692 | Gauntlet | Found a transporter.
 29705 | Gauntlet | Found a transporter.
 29725 | Gauntlet | Found a transporter.
 29729 | Gauntlet | Found a transporter.
 29737 | Gauntlet | Found a transporter.
 29766 | Gauntlet | Found a transporter.
 29766 | Gauntlet | Found a transporter.
 30099 | Gauntlet | Got a pair of crude boots
 30105 | Gauntlet | Identified the +2 pair of boots of Zytresk {rC+ MR- Int+3}
                  | (You found it in a Gauntlet)
 30127 | Gauntlet | Reached skill level 5 in Shields
 30410 | Gauntlet | Identified the cursed +2 dagger "Vittais" {pierce, rF+++
                  | Str-2 Dex+3 SInv}
 30417 | Gauntlet | HP: 4/126 [minotaur/javelin (25)]
 30419 | Gauntlet | Killed themself with a badly aimed orb of electricity

Levels and vault maps discovered:
D:1:      matt_arrival_debris, layout_basic, minmay_tromino_v4_b
D:2:      minmay_angry_zag, layout_basic, first_ration, fedhas_altar_4
D:3:      layout_basic, ebering_ghost_sewer_d, grunt_gozag_statues
D:4:      layout_gridville, grunt_temple_overflow_open,
          minmay_temple_entry_enclosed_plants, makhleb_blood_cavern_becter
D:5:      layout_layer_cave, gammafunk_temple_overflow_elements
D:6:      layout_loops_ring
D:7:      layout_loops_ring
D:8:      minmay_the_grid_octo_triangle [minmay_the_grid_octo_77,
          minmay_the_grid_octo_prize_star, minmay_the_grid_octo_odd_swirl],
          layout_loops_ring
D:9:      layout_long_grid, erik_lair_orcish_takeover
D:10:     layout_cave_pools, basic_altar, uniq_fannar, uniq_maurice, uniq_urug
D:11:     layout_basic, grunt_ogre_cave
D:12:     layout_cave_pools, erik_orc_4
D:13:     layout_rooms, erik_vaults_1, gauntlet_entry_generic
Temple:   eino_temple_scatter_basement
Lair:1:   layout_cave_pods
Lair:2:   layout_chaotic_city, minmay_shoals_entry_beasts, forest_entry_grove
Lair:3:   layout_chaotic_city, nicolae_spider_entry_non_spiders,
          serial_bayou_shore_b
Lair:4:   layout_gridlike, grunt_megastairs_2
Lair:5:   layout_loops_ring, minmay_slime_entry_jelly_boxes
Lair:6:   cheibrodos_lair_end_hotspot, layout_regular_city, lemuel_fruit_tree
Gauntlet: minmay_gauntlet_mixed_oops_all_seconds
          [minmay_gauntlet_arena_77_checkered, gammafunk_gauntlet_arena_crates,
          minmay_gauntlet_arena_77_museum, nicolae_gauntlet_arena_t_cross,
          minmay_gauntlet_arena_77_p_blocks, nicolae_gauntlet_arena_grate_2,
          gauntlet_exit_green]

Skill      XL: |  1  2  3  4  5  6  7  8  9 10 11 12 13 14 |
---------------+-------------------------------------------+-----
Conjurations   | 2 3 4 6 7 8 9 10 11 | 11.3
Fighting       | 1 2 3 4 6 7 8 9 11 12 | 12.1
Spellcasting   | 3 4 5 7 8 9 10 | 10.6
Air Magic      | 4 5 6 8 9 10 11 12 13 | 13.6
Dodging        | 2 4 6 7 |  7.8
Evocations     | 1 3 4 |  4.3
Shields        | 3 4 5 |  5.0
Ice Magic      | 1 2 |  2.0
Stealth        | |  1.7

Action                   |  1- 3 |  4- 6 |  7- 9 | 10-12 | 13-15 || total
-------------------------+-------+-------+-------+-------+-------++-------
Melee: Unarmed           |    29 |       |       |       |       ||    29
       Tailslap          |     5 |     1 |     1 |    16 |     8 ||    31
       Dagger            |    13 |     8 |     7 |   139 |     2 ||   169
       Staff             |       |    15 |    14 |       |    58 ||    87
 Cast: Shock             |    62 |   135 |   269 |   292 |   300 ||  1058
       Static Discharge  |     1 |     9 |    11 |    94 |    53 ||   168
       Airstrike         |       |       |     9 |    22 |    25 ||    56
       Lightning Bolt    |       |       |    10 |    98 |    81 ||   189
       Corona            |       |       |       |     5 |     3 ||     8
       Swiftness         |       |       |       |     4 |     1 ||     5
       Freezing Cloud    |       |       |       |     5 |    19 ||    24
       Mephitic Cloud    |       |       |       |     1 |     1 ||     2
 Abil: Breathe Lightning |       |       |     5 |    13 |     7 ||    25
Evoke: Wand              |       |       |     7 |     4 |    11 ||    22
       Phial of floods   |       |       |       |     1 |       ||     1
  Use: Scroll            |       |     5 |    14 |    13 |     4 ||    36
       Potion            |       |     1 |     6 |    11 |     3 ||    21
 Stab: Invisible         |       |       |       |     1 |       ||     1
  Eat: Chunk             |     5 |     9 |     8 |    38 |    24 ||    84
       Ration            |       |     1 |     4 |     9 |     7 ||    21
Armor: Skin              |    20 |    61 |   101 |   227 |    96 ||   505
Dodge: Dodged            |    35 |    52 |   105 |   338 |   206 ||   736
Block: Other             |       |       |       |    18 |       ||    18
       Buckler           |       |       |       |   145 |   151 ||   296
       Reflection        |       |       |       |     5 |    10 ||    15

Table legend:
 A = Non-vault XP
 B = Vault XP
 C = Vault XP percentage of total XP
 D = Non-vault monster count
 E = Vault monster count
 F = Vault count percentage of total count
                 A         B        C        D         E       F
            +---------+---------+-------+---------+---------+-------
      Total |   47623 |   22735 |  32.3 |     383 |     129 |  25.2
            +---------+---------+-------+---------+---------+-------
        D:1 |      31 |       9 |  22.5 |      17 |       2 |  10.5
        D:2 |     142 |      27 |  16.0 |      25 |       6 |  19.4
        D:3 |     184 |       0 |   0.0 |      22 |       0 |   0.0
        D:4 |     434 |      43 |   9.0 |      13 |       1 |   7.1
        D:5 |     403 |       0 |   0.0 |      12 |       0 |   0.0
        D:6 |    1126 |       0 |   0.0 |      27 |       0 |   0.0
        D:7 |    1437 |     176 |  10.9 |      35 |       1 |   2.8
        D:8 |    1572 |    3014 |  65.7 |      24 |      15 |  38.5
        D:9 |    2197 |    1937 |  46.9 |      29 |      10 |  25.6
       D:10 |    4282 |     827 |  16.2 |      35 |       1 |   2.8
       D:11 |    4099 |     118 |   2.8 |      25 |       1 |   3.8
       D:12 |    2673 |     518 |  16.2 |      15 |      17 |  53.1
       D:13 |    1632 |       0 |   0.0 |       9 |       0 |   0.0
     Lair:1 |    4069 |       0 |   0.0 |      13 |       0 |   0.0
     Lair:2 |    4287 |    2269 |  34.6 |      21 |      11 |  34.4
     Lair:3 |    3418 |     250 |   6.8 |      12 |       6 |  33.3
     Lair:4 |    1581 |     592 |  27.2 |       8 |       2 |  20.0
     Lair:5 |    5671 |     561 |   9.0 |      14 |      14 |  50.0
     Lair:6 |    8385 |    7669 |  47.8 |      27 |      27 |  50.0
   Gauntlet |       0 |    4725 | 100.0 |       0 |      15 | 100.0
            +---------+---------+-------+---------+---------+-------
